 Dungeon Crawl Stone Soup version 0.27.1-2-g3b301248ec (webtiles) character file.

Game seed: 3627577843086685418

242 Metae the Skirmisher (level 6, 0/55 HPs)
             Began as a Hill Orc Fighter on Sept 24, 2021.
             Was a Follower of Beogh.
             Succumbed to a water moccasin's poison
             ... on level 5 of the Dungeon.
             The game lasted 00:09:30 (3431 turns).

Metae the Skirmisher (Hill Orc Fighter)             Turns: 3431, Time: 00:09:30

Health: 0/55       AC:  9    Str: 21    XL:     6   Next: 9%
Magic:  7/7        EV: 11    Int:  8    God:    Beogh [*.....]
Gold:   192        SH: 14    Dex: 10    Spells: 5/5 levels left

rFire    . . .     SeeInvis +   x - +2 hand axe of Giwoes {venom, SInv}
rCold    + . .     Faith    .   c - +0 kite shield
rNeg     . . .     Spirit   .   b - +0 scale mail
rPois    .         Reflect  +   (no helmet)
rElec    .         Harm     .   j - +1 cloak
rCorr    .         Rampage  .   (no gloves)
Will     .....                  (no boots)
Stlth    ..........             t - amulet of reflection
HPRegen  0.18/turn              g - +4 ring of evasion
MPRegen  0.10/turn              h - ring of protection from cold

@: mighty, lethally poisoned (0 -> -28)
A: no striking features
a: Renounce Religion


You were on level 5 of the Dungeon.
You worshipped Beogh.
Beogh was aware of your devotion.
You visited 1 branch of the dungeon, and saw 6 of its levels.

You collected 192 gold pieces.

Inventory:

Hand Weapons
 a - a +0 war axe
 x - the +2 hand axe of Giwoes (weapon) {venom, SInv}
   (You found it on level 6 of the Dungeon)

   It poisons the flesh of those it strikes.
   SInv:      It lets you see invisible.
Missiles
 f - 6 boomerangs (quivered)
Armour
 b - a +0 scale mail (worn)
 c - a +0 kite shield (worn)
 j - a +1 cloak (worn)
Jewellery
 g - a +4 ring of evasion (left hand)
 h - a ring of protection from cold (right hand)
 n - a +6 ring of dexterity
 t - an amulet of reflection (around neck)
 v - a ring of resist corrosion
Wands
 r - a wand of paralysis (4)
Scrolls
 k - a scroll of brand weapon {unknown}
 l - a scroll of noise {unknown}
 o - a scroll of acquirement {unknown}
 p - a scroll of identify {unknown}
 s - 2 scrolls of holy word {unknown}
Potions
 e - a potion of attraction {unknown}
 i - a potion of ambrosia {unknown}
 m - a potion of curing {unknown}
 q - a potion of degeneration {unknown}
 u - a potion of lignification {unknown}
 w - a potion of berserk rage {unknown}


   Skills:
 + Level 4.8 Fighting
 + Level 4.3 Axes
 + Level 4.3 Armour
 + Level 4.5 Shields
 + Level 1.6 Invocations
 + Level 1.4 Evocations


You had 5 spell levels left.
You didn't know any spells.
Your spell library contained the following spells:

 Spells                   Type           Power      Damage    Failure   Level
 Fireball                 Conj/Fire      0%         3d3       100%        5
 Starburst                Conj/Fire      0%         6d3       100%        6
 Ignition                 Fire           0%         3d3       100%        8


Dungeon Overview and Level Annotations

Branches:
Dungeon (6/15)
 Temple: D:4-7

Altars:
Ashenzari
Cheibriados
Vehumet


Message History

The water moccasin bites you but does no damage.
The ogre hits you with a +0 giant spiked club!
You block the water moccasin's attack.
You hit the ogre.
The ogre is severely wounded.
You barely miss the adder. You hit the water moccasin.
You block the water moccasin's attack. The adder bites you.
You block the ogre's attack. The water moccasin closely misses you.
Your shield and scale mail prevent you from hitting the ogre.
The ogre is severely wounded.
You hit the adder.
The adder is poisoned.
You hit the water moccasin. You block the adder's attack.
The water moccasin bites you.
You are poisoned.
The water moccasin poisons you! You block the ogre's attack.
You block the adder's attack. The water moccasin bites you.
You barely miss the ogre.
The ogre is severely wounded.
You hit the adder.
The adder looks as sick as possible!
You miss the water moccasin.
You feel very sick. The adder closely misses you. The water moccasin bites you.
The ogre hits you with a +0 giant spiked club!
* * * LOW HITPOINT WARNING * * *
The adder barely misses you.
You feel very mighty all of a sudden.
* * * LOW HITPOINT WARNING * * *
You feel sick.
You kill the adder!
Beogh accepts your kill. The water moccasin bites you.
* * * LOW HITPOINT WARNING * * *
You are more poisoned.
The water moccasin poisons you! The iguana misses you.
You block the ogre's attack. You block the water moccasin's attack.
You block the adder zombie's attack.
You hit the ogre.
The ogre looks as sick as possible!
The ogre is almost dead.
You miss the water moccasin. You hit the iguana.
You closely miss the adder zombie.
You die...

##.............
...............
...............
.##............
..S..........#
#..# .###
#..##.....
##.l..# #@..##
#.ZOS.#
........#
...........#
##...........
#..........#.
#........#### .
##........


You could see a water moccasin, an ogre (extremely poisoned), an iguana and an
adder zombie.

Vanquished Creatures
  An ogre (D:4)
  5 adders
  5 dart slugs
  2 orcs (D:3)
  4 ball pythons
  5 bats
  5 endoplasms
  3 giant cockroaches
  9 goblins
  12 hobgoblins
  11 jackals
  8 kobolds
  3 quokkas
  3 frilled lizards
  21 rats
97 creatures vanquished.

Vanquished Creatures (others)
  An orc (D:3)
1 creature vanquished.

Grand Total: 98 creatures vanquished

Notes
Turn   | Place    | Note
-------+----------+-------------------------------------------
     0 | D:1      | Metae the Hill Orc Fighter began the quest for the Orb.
     0 | D:1      | Reached XP level 1. HP: 19/19 MP: 1/1
   202 | D:1      | Reached XP level 2. HP: 22/27 MP: 2/2
   653 | D:1      | Found a faded altar of an unknown god.
   805 | D:1      | Reached XP level 3. HP: 32/33 MP: 3/3
  1329 | D:2      | Reached XP level 4. HP: 40/40 MP: 4/4
  1695 | D:3      | Found a broken altar of Ashenzari.
  2246 | D:3      | Became a worshipper of Beogh the Brigand
  2606 | D:4      | Noticed an ogre
  2787 | D:4      | Reached XP level 5. HP: 47/47 MP: 5/5
  2805 | D:4      | Reached * piety under Beogh
  2931 | D:4      | Killed an ogre
  2932 | D:4      | Reached skill level 1 in Invocations
  2932 | D:4      | Reached skill level 1 in Evocations
  3149 | D:4      | Found a radiant altar of Vehumet.
  3351 | D:4      | You fall into a shaft and drop 2 floors!
  3351 | D:6      | Found a snail-covered altar of Cheibriados.
  3364 | D:6      | Identified the +2 hand axe of Giwoes {venom, SInv}
  3379 | D:6      | Reached XP level 6. HP: 49/53 MP: 7/7
  3421 | D:5      | Entered Level 5 of the Dungeon
  3421 | D:5      | Noticed a water moccasin
  3431 | D:5      | Succumbed to a water moccasin's poison

Illustrated notes

Levels and vault maps discovered:
D:1:      lordsloth_arrival_two_stooges, layout_loops_ring,
          dreamdust_ecumenical_altar_angels_and_demons, minmay_tetromino_l2
D:2:      layout_rooms, chequers_serial_rivers_small_a,
          hangedman_decor_slide_cut
D:3:      minmay_angry_zag, layout_basic, evilmike_ruin_ashenzari, st_stairs_7,
          grunt_ministairs_12, corexii_item_surrounded_by_moat, minivault_5,
          chequers_serial_rivers_room_a
D:4:      layout_basic, kennysheep_mini, minmay_rat_hole, uniq_grinder
D:5:      layout_cave_pools, temple_pool_b, uniq_eustachio
D:6:      layout_basic, kennysheep_slug_shrine, gammafunk_ghost_cemetery

Skill      XL: |  1  2  3  4  5 |
---------------+----------------+-----
Axes           | 3 4 |  4.3
Fighting       | 4 |  4.8
Shields        | 4 |  4.5
Armour         | 4 |  4.3
Invocations    | 1 |  1.6
Evocations     | 1 |  1.4

Action                   |  1- 3 |  4- 6 || total
-------------------------+-------+-------++-------
Melee: War axe           |   104 |   140 ||   244
       Hand axe          |       |     5 ||     5
Invok: Convert to Beogh  |       |     1 ||     1
Evoke: Wand              |       |     1 ||     1
  Use: Potion            |       |     1 ||     1
Armor: Scale mail        |    37 |    44 ||    81
Dodge: Dodged            |    56 |    58 ||   114
Block: Kite shield       |    66 |   119 ||   185
       Reflection        |       |     4 ||     4
